3131 views
Uploaded 2020-05-10 07:49:04
Game version 1.32.4 / 1.32.5
15:55 long 1on1 ladder game on (2)SwampedTemple
Saved by floss2xdaily
3131 views
Uploaded 2020-05-10 07:49:04
Game version 1.32.4 / 1.32.5
15:55 long 1on1 ladder game on (2)SwampedTemple

21 units @ 3.3k
/ 0.3k
11 buildings @ 1.7k
/ 0.8k


| Healing Salve | 2 | 200 |
| Lesser Clarity Potion | 1 | 70 |
| Potion of Healing | 1 | 150 |
| Scroll of Speed | 1 | 50 |
| Scroll of Town Portal | 1 | 350 |
| Scroll of Healing | 2 | 500 |
| Potion of Lesser Invulnerability | 1 | 150 |
| total: | 9 | 1470g |
| Peon | 7 | 525 | / | 0 |
| Grunt | 4 | 800 | / | 0 |
| Wind Rider | 3 | 795 | / | 120 |
| Shaman | 4 | 520 | / | 80 |
| Raider | 1 | 180 | / | 40 |
| Forest Troll Berserker | 2 | 490 | / | 60 |
| total: | 21 | 3310g | / | 300w |
| Altar of Storms | 1 | 180 | / | 50 |
| Orc Burrow | 4 | 640 | / | 160 |
| Barracks | 1 | 180 | / | 50 |
| Voodoo Lounge | 2 | 260 | / | 60 |
| Spirit Lodge | 1 | 150 | / | 150 |
| Beastiary | 2 | 290 | / | 280 |
| Stronghold | 1 | 315 | / | 190 |
| Fortress | 1 | 325 | / | 190 |
| total: | 11 | 1700g | / | 750w |
| 0:03 | Peon |
| 0:03 | Peon |
| 0:06 | Altar of Storms |
| 0:16 | Orc Burrow |
| 0:23 | Peon |
| 0:37 | Barracks |
| 0:46 | Peon |
| 1:05 | Peon |
| 1:05 | Peon |
| 1:35 | Orc Burrow |
| 1:38 | Grunt |
| 1:48 | Peon |
| 2:03 | Voodoo Lounge |
| 2:07 | Feral Spirit |
| 2:30 | Grunt |
| 3:16 | Grunt |
| 3:17 | Stronghold |
| 3:40 | Forest Troll Berserker |
| 4:42 | Orc Burrow |
| 4:48 | Voodoo Lounge |
| 5:52 | Chain Lighting |
| 6:42 | Healing Spray |
| 6:47 | Spirit Lodge |
| 6:50 | Beastiary |
| 6:52 | Beastiary |
| 7:11 | Grunt |
| 8:01 | Wind Rider |
| 8:04 | Shaman |
| 8:05 | Shaman Adept Training |
| 8:11 | Orc Burrow |
| 8:20 | Healing Salve |
| 8:31 | Berserker Strength |
| 8:56 | Ensnare |
| 9:51 | Scroll of Town Portal |
| 9:52 | Lesser Clarity Potion |
| 9:54 | Healing Salve |
| 9:59 | Wind Rider |
| 10:05 | Shaman |
| 10:47 | Scroll of Healing |
| 10:51 | Shaman |
| 12:12 | Potion of Lesser Invulnerability |
| 12:12 | Scroll of Healing |
| 12:17 | Shaman |
| 12:25 | Wind Rider |
| 12:26 | Raider |
| 12:41 | Potion of Healing |
| 12:42 | Scroll of Speed |
| 13:07 | Acid Bomb |
| 13:14 | Fortress |
| 13:29 | Feral Spirit |
| 13:31 | Forest Troll Berserker |
| Select group | 1704 |
| Right click | 1358 |
| Select | 359 |
| Build/train/purchase | 92 |
| Assign group | 48 |
| Misc. action | 35 |
| Chat | 35 |
| Use ability | 25 |
37 units @ 5.2k
/ 0.5k
22 buildings @ 2.4k
/ 1.1k


| Scroll of Regeneration | 2 | 200 |
| Scroll of Healing | 1 | 250 |
| Potion of Lesser Invulnerability | 1 | 150 |
| total: | 4 | 600g |
| Peasant | 10 | 750 | / | 0 |
| Footman | 6 | 810 | / | 0 |
| Rifleman | 8 | 1640 | / | 240 |
| Priest | 6 | 810 | / | 60 |
| Sorceress | 4 | 620 | / | 80 |
| Spell Breaker | 1 | 215 | / | 30 |
| Mortar Team | 1 | 180 | / | 70 |
| Forest Troll Shadow Priest | 1 | 195 | / | 10 |
| total: | 37 | 5220g | / | 490w |
| Scout Tower | 2 | 60 | / | 40 |
| Arcane Tower | 1 | 70 | / | 50 |
| Guard Tower | 1 | 70 | / | 50 |
| Altar of Kings | 1 | 180 | / | 50 |
| Farm | 9 | 720 | / | 180 |
| Barracks | 1 | 160 | / | 60 |
| Blacksmith | 1 | 140 | / | 60 |
| Lumber Mill | 1 | 120 | / | 0 |
| Arcane Vault | 3 | 390 | / | 90 |
| Arcane Sanctum | 2 | 300 | / | 280 |
| Workshop | 1 | 140 | / | 140 |
| Gryphon Aviary | 1 | 140 | / | 150 |
| Keep | 1 | 320 | / | 210 |
| Castle | 1 | 360 | / | 210 |
| total: | 22 | 2350g | / | 1050w |
| 0:02 | Peasant |
| 0:02 | Peasant |
| 0:07 | Altar of Kings |
| 0:18 | Farm |
| 0:20 | Barracks |
| 0:31 | Peasant |
| 0:40 | Peasant |
| 0:49 | Farm |
| 0:55 | Peasant |
| 1:06 | Peasant |
| 1:27 | Scout Tower |
| 1:29 | Footman |
| 1:30 | Peasant |
| 1:38 | Farm |
| 1:48 | Footman |
| 1:55 | Peasant |
| 2:09 | Summon Water Elemental |
| 2:17 | Forest Troll Shadow Priest |
| 2:26 | Peasant |
| 2:48 | Peasant |
| 2:49 | Footman |
| 2:53 | Farm |
| 3:08 | Brilliance Aura |
| 3:09 | Footman |
| 3:20 | Keep |
| 3:40 | Arcane Tower |
| 3:41 | Farm |
| 4:09 | Blacksmith |
| 4:26 | Footman |
| 4:53 | Lumber Mill |
| 5:04 | Arcane Vault |
| 5:07 | Footman |
| 5:32 | Arcane Vault |
| 5:48 | Scout Tower |
| 5:50 | Arcane Vault |
| 6:27 | Rifleman |
| 6:41 | Storm Bolt |
| 6:49 | Arcane Sanctum |
| 6:58 | Summon Water Elemental |
| 7:00 | Guard Tower |
| 7:02 | Scroll of Regeneration |
| 7:21 | Arcane Sanctum |
| 8:18 | Rifleman |
| 8:19 | Farm |
| 8:30 | Priest Adept Training |
| 8:30 | Priest |
| 8:33 | Long Rifles |
| 8:33 | Rifleman |
| 8:34 | Farm |
| 8:51 | Thunder Clap |
| 9:01 | Black Gunpowder |
| 9:46 | Rifleman |
| 9:46 | Priest |
| 9:47 | Sorceress |
| 10:07 | Scroll of Healing |
| 10:07 | Potion of Lesser Invulnerability |
| 10:19 | Brilliance Aura |
| 10:45 | Sorceress |
| 10:45 | Priest |
| 10:48 | Rifleman |
| 10:48 | Rifleman |
| 10:58 | Scroll of Regeneration |
| 11:40 | Storm Bolt |
| 12:15 | Rifleman |
| 12:15 | Priest |
| 12:16 | Sorceress |
| 12:20 | Farm |
| 12:48 | Farm |
| 13:37 | Workshop |
| 14:23 | Rifleman |
| 14:23 | Spell Breaker |
| 14:24 | Sorceress |
| 14:51 | Thunder Clap |
| 14:54 | Summon Water Elemental |
| 15:19 | Priest |
| 15:19 | Priest |
| 15:20 | Castle |
| 15:33 | Gryphon Aviary |
| 15:42 | Mortar Team |
| Right click | 731 |
| Select group | 482 |
| Select | 448 |
| Misc. action | 173 |
| Build/train/purchase | 95 |
| Assign group | 84 |
| Chat | 52 |
| Use ability | 25 |
| Esc | 3 |
| Item give/drop | 1 |
| Remove unit | 1 |